 Dungeon Crawl Stone Soup version 0.19-a0-49-gb8736b8 (webtiles) character file.

798 M4edhros the Insei (level 7, -6/41 HPs)
             Began as an Octopode Necromancer on May 6, 2016.
             Mangled by a centaur (8 damage)
             ... on level 6 of the Dungeon.
             The game lasted 00:12:34 (2079 turns).

M4edhros the Insei (Octopode Necromancer)           Turns: 2079, Time: 00:12:35

Health: -6/41      AC:  1    Str:  5 (8)  XL:     7   Next: 89%
Magic:  6/10       EV: 12    Int: 16 (17) God:
Gold:   72         SH:  0    Dex: 11 (14) Spells: 3 memorised, 5 levels left

rFire  . . .     SeeInvis .       - Unarmed
rCold  . . .     Gourm    .     (no shield)
rNeg   . . .     Faith    .     (helmet restricted)
rPois  .         Spirit   .     (no amulet)
rElec  .         Dismiss  .     (no ring)
rCorr  .         Reflect  .     (no ring)
SustAt .         Harm     .     (no ring)
MR     .....                    (no ring)
Stlth  +++.......               (no ring)
                                (no ring)
                                (no ring)
                                (no ring)

@: regenerating (expiring), not resistant to hostile enchantments, fairly
stealthy
A: almost no armour, amphibious, 8 rings, constrict 8, camouflage 1, gelatinous
body 1
a: no special abilities


You were on level 6 of the Dungeon.
You were not hungry.

You visited 1 branch of the dungeon, and saw 6 of its levels.

You collected 72 gold pieces.

Inventory:

Armour
 d - a +0 buckler
 j - a +3 large shield
Scrolls
 e - 2 scrolls of remove curse
 k - a scroll of identify
Potions
 i - a potion of flight
Books
 a - a book of Necromancy

   Spells                             Type                      Level
   a - Pain                           Necromancy                   1
   b - Animate Skeleton               Necromancy                   1
   c - Vampiric Draining              Necromancy                   3
   d - Regeneration                   Charms/Necromancy            3
   e - Animate Dead                   Necromancy                   4
   f - Control Undead                 Necromancy                   4
Comestibles
 b - a bread ration
 c - 8 fruits
 g - a beef jerky


   Skills:
 - Level 2.0 Dodging
 - Level 2.6 Stealth
 + Level 4.9 Shields
 + Level 6.6 Unarmed Combat
 - Level 2.0 Spellcasting
 - Level 4.0 Necromancy


You had 5 spell levels left.
You knew the following spells:

 Your Spells              Type           Power        Failure   Level  Hunger
a - Pain                  Necr           ##..         4%          1    #......
b - Animate Skeleton      Necr           N/A          4%          1    #......
r - Regeneration          Chrm/Necr      #.........   28%         3    ###....


Dungeon Overview and Level Annotations

Branches:
Dungeon (6/15)
 Temple: D:4-7

Altars:
Ashenzari

Shops:
D:5 (:(

Annotations:
D:3 Mefis's ghost, amateur DEWz


Innate Abilities, Weirdness & Mutations

You cannot wear most types of armour.
You are amphibious.
You can wear up to eight rings at the same time.
You can use your tentacles to constrict eight enemies at once.
Your skin changes colour to match your surroundings (Stealth).
Your rubbery body absorbs attacks (AC +1).


Message History

Okay, then.
Read which item? (? for menu, Esc to quit)
Okay, then.
You barely miss the centaur. The centaur hits you.
The centaur barely misses you.
You barely miss the centaur. The centaur hits you.
You tentacle-slap the centaur.
Your tentacle-slap misses the centaur.
The centaur is moderately wounded.
The centaur hits you!
* * * LOW HITPOINT WARNING * * *
The worker ant zombie waves its antennae.
You tentacle-slap the centaur but do no damage.
Your squeeze misses the centaur.
The centaur is moderately wounded.
The centaur hits you!
* * * LOW HITPOINT WARNING * * *
You barely miss the centaur.
The centaur is moderately wounded.
The centaur closely misses you. The centaur hits you!
You die...

########.......##...##
#.....##.......##...##..
........................
........................
...... #.......##.......
......##.......##.......
...............#########
....)..c.......##..
.......@...........
########(..Z...##...
##.......# .. #........#
. #.(......##.
#............ .
##.......##..
....##.......## .
..............#


You could see a centaur and a worker ant zombie.

Vanquished Creatures
  The ghost of M4edhros the Grappler, an amateur TrMo of Dithmenos (D:6)
  A sky beast (D:5)
  2 phantoms (D:5)
  3 crimson imps
  A giant frog zombie (D:5)
  A hound (D:5)
  An orc wizard (D:6)
  A worker ant (D:4)
  A worker ant zombie (D:5)
  3 adders
  2 oozes
  2 worms
  2 giant geckos
  6 orcs
  2 ball pythons
  A bat (D:3)
  2 giant cockroaches
  2 goblins (D:3)
  3 kobolds (D:3)
  3 quokkas
  A rat (D:3)
41 creatures vanquished.

Notes
Turn   | Place    | Note
--------------------------------------------------------------
     0 | D:1      | M4edhros the Octopode Necromancer began the quest for the Orb.
     0 | D:1      | Reached XP level 1. HP: 11/11 MP: 3/3
    29 | D:2      | Reached skill level 1 in Unarmed Combat
    48 | D:3      | Noticed Mefis's ghost (amateur DEWz)
    64 | D:3      | Reached XP level 2. HP: 6/17 MP: 3/5
   126 | D:5      | Entered Level 5 of the Dungeon
   165 | D:5      | Noticed a crimson imp
   167 | D:5      | Noticed an ogre
   195 | D:5      | Killed a crimson imp
   195 | D:5      | Reached skill level 3 in Unarmed Combat
   195 | D:5      | Reached XP level 3. HP: 10/21 MP: 6/6
   198 | D:5      | Learned a level 1 spell: Animate Skeleton
   202 | D:5      | Learned a level 3 spell: Regeneration
   288 | D:4      | Reached XP level 4. HP: 17/27 MP: 3/7
   504 | D:4      | Reached skill level 4 in Unarmed Combat
   579 | D:4      | Found a shattered altar of Ashenzari.
   831 | D:6      | Noticed M4edhros's ghost (amateur TrMo)
   842 | D:6      | Reached skill level 1 in Shields
   842 | D:6      | Reached XP level 5. HP: 13/31 MP: 3/8
   888 | D:6      | Killed M4edhros's ghost
   888 | D:6      | Reached skill level 5 in Unarmed Combat
   888 | D:6      | Reached XP level 6. HP: 22/36 MP: 5/9
   957 | D:6      | lucky ligni
   964 | D:6      | Noticed a phantom
   966 | D:6      | Reached XP level 7. HP: 26/41 MP: 7/10
   993 | D:5      | HP: 1/61 [phantom (4)]
   999 | D:5      | Reached skill level 6 in Unarmed Combat
  1022 | D:5      | lucky ligni.
  1046 | D:5      | 3shops in here, good
  1046 | D:5      | sky beast, bad
  1349 | D:4      | this game wants me dead, and it wants it bad
  1874 | D:5      | around 500 turns for sky beast..
  1934 | D:5      | Found Exzecw's Antique Weapon Shop.
  1956 | D:5      | Found Fiubaicw's Book Boutique.
  2023 | D:5      | Found Taez's Antique Weapon Emporium.
  2078 | D:6      | HP: 1/41 [centaur (8)]
  2079 | D:6      | Mangled by a centaur

Vault maps used:
D:1:      dpeg_arrival_three_bigger_balls, monster_avoids_cloud
D:2:      lemuel_doored_altar, minmay_cupped
D:3:      serial_glass, glass_columns_a, glass_columns_a, item_on_display_a,
          minmay_strange_pillars, feat_on_display, due_unseen_surprise
D:4:      evilmike_ruin_ashenzari, serial_forest, infiniplex_forest_end_double,
          infiniplex_forest_join, infiniplex_forest_straight_2,
          infiniplex_forest_straight_1, minmay_misc_feat_pillars,
          grunt_ministairs_4
D:5:      serial_shops, nicolae_shop_window_shopping, shop,
          kennysheep_mini_moat, first_bread
D:6:      st_stairs_11

Skill      XL: |  1  2  3  4  5  6  7 |
---------------+----------------------+-----
Unarmed Combat | 1 3 4 5 6 |  6.6
Shields        | 1 3 4 |  4.9
Dodging        | |  2.0
Stealth        | |  2.6
Spellcasting   | |  2.0
Necromancy     | |  4.0

Action                   |  1- 3 |  4- 6 |  7- 9 || total
-------------------------+-------+-------+-------++-------
Melee: Unarmed           |    32 |    82 |    91 ||   205
       Tentacles         |     6 |    10 |     8 ||    24
       Constrict         |     4 |    19 |     3 ||    26
       Punch             |       |     2 |     3 ||     5
 Cast: Pain              |     6 |       |       ||     6
       Regeneration      |     2 |     7 |    32 ||    41
  Use: Potion            |       |     1 |     3 ||     4
       Scroll            |       |       |     7 ||     7
 Stab: Sleeping          |       |     4 |     1 ||     5
       Distracted        |       |       |     2 ||     2
  Eat: Chunk             |       |     2 |     2 ||     4
       Bread ration      |       |       |     1 ||     1
       Royal jelly       |       |       |     1 ||     1
       Beef jerky        |       |       |     1 ||     1
Armor: Skin              |     2 |    11 |    14 ||    27
Dodge: Dodged            |    16 |    18 |    44 ||    78
Block: Large shield      |       |    22 |    18 ||    40
